 Dungeon Crawl Stone Soup version 0.27-a0-1228-gfd60fd639a (webtiles) character file.

Game seed: 1691676632485473567

2 Shayle the Vexing (level 1, 0/13 HPs)
             Began as a Demonspawn Enchanter on June 7, 2021.
             Slain by a goblin
             ... wielding a +0 dagger
              (2 damage)
             ... on level 1 of the Dungeon.
             The game lasted 00:00:49 (294 turns).

Shayle the Vexing (Demonspawn Enchanter)             Turns: 294, Time: 00:00:50

Health: 0/13       AC:  2    Str:  8    XL:     1   Next: 25%
Magic:  3/3        EV: 12    Int: 16    God:
Gold:   0          SH:  0    Dex: 13    Spells: 3/4 levels left

rFire    . . .     SeeInvis .   a - +1 dagger
rCold    . . .     Faith    .   (no shield)
rNeg     . . .     Spirit   .   b - +0 robe
rPois    .         Reflect  .   (no helmet)
rElec    .         Harm     .   (no cloak)
rCorr    .         Rampage  .   (no gloves)
Will     .....                  (no boots)
Stlth    ++........             (no amulet)
HPRegen  0.04/turn              (no ring)
MPRegen  0.08/turn              (no ring)

@: no status effects
A: no striking features
a: no special abilities


You were on level 1 of the Dungeon.
You visited 1 branch of the dungeon, and saw 1 of its levels.

Inventory:

Hand Weapons
 a - a +1 dagger (weapon)
Armour
 b - a +0 robe (worn)


   Skills:
 + Level 0.0 Fighting
 - Level 0.8 Short Blades
 + Level 1.8 Dodging
 * Level 2.7 Stealth
 + Level 2.0 Spellcasting
 + Level 3.0 Hexes


You had 3 spell levels left.
You knew the following spells:

 Your Spells              Type           Power      Damage    Failure   Level
a - Corona                Hex            12%        N/A       6%          1

Your spell library contained the following spells:

 Spells                   Type           Power      Damage    Failure   Level
 Ensorcelled Hibernation  Hex/Ice        12%        N/A       17%         2
 Confusing Touch          Hex            11%        N/A       19%         3
 Tukima's Dance           Hex            11%        N/A       19%         3
 Dazzling Flash           Conj/Hex       12%        N/A       32%         3


Dungeon Overview and Level Annotations

Branches:
Dungeon (1/15)

Altars:


Message History

The ball python misses you.
You hit the ball python but do no damage.
The ball python is moderately wounded.
The ball python bites you but does no damage.
The ball python closely misses you.
You hit the ball python.
You kill the ball python!
A hobgoblin comes into view.
A goblin and a kobold come into view.
An endoplasm comes into view.
The endoplasm quivers.
The hobgoblin shouts!
The goblin shouts!
The hobgoblin hits you.
Found a scroll labelled KELULI JITWIBI.
The hobgoblin hits you. The goblin barely misses you.
The kobold hits you but does no damage. The goblin hits you but does no damage.
The hobgoblin completely misses you.
The endoplasm jiggles.
The kobold closely misses you. The hobgoblin hits you.
You hit the endoplasm.
The endoplasm is moderately wounded.
The endoplasm closely misses you.
The kobold hits you with a +0 short sword.
The goblin closely misses you. The hobgoblin closely misses you.
You barely miss the endoplasm.
The endoplasm is moderately wounded.
The endoplasm misses you.
The kobold hits you with a +0 short sword.
* * * LOW HITPOINT WARNING * * *
The goblin barely misses you. The hobgoblin barely misses you.
You hit the endoplasm.
The endoplasm is heavily wounded.
The endoplasm closely misses you. The kobold closely misses you.
The hobgoblin barely misses you. The goblin closely misses you.
You hit the endoplasm.
The endoplasm is severely wounded.
The endoplasm hits you.
* * * LOW HITPOINT WARNING * * *
The kobold barely misses you. The goblin hits you with a +0 dagger.
You die...

#.#.#.# ......
#.#.#.####
......
#.#......#
......
#.###.##.#
###.....# #
#.....#.......
#.....#.......
#..gg.#......#
#..@K.#...###.
#..J..#...#
............#
###...........
#.......#.#.
......?.....
##...###.#..#
.... .#..


You could see an endoplasm, a hobgoblin, a goblin and a kobold.

Vanquished Creatures
  2 ball pythons (D:1)
  A bat (D:1)
3 creatures vanquished.

Notes
Turn   | Place    | Note
-------+----------+-------------------------------------------
     0 | D:1      | Shayle the Demonspawn Enchanter began the quest for the
                  | Orb.
     0 | D:1      | Reached XP level 1. HP: 13/13 MP: 3/3
   294 | D:1      | Slain by a goblin

Illustrated notes

Levels and vault maps discovered:
D:1:      dpeg_arrival_castle, layout_basic, amethyst_killhole,
          wad_floor_pattern_untrapped

Action                   || total
-------------------------++-------
Melee: Dagger            ||    17
Armor: Robe              ||    12
Dodge: Dodged            ||    34

Table legend: (Time is in decaauts)
 A = Elapsed time spent in this place.
 B = Non-inter-level travel time spent in this place.
 C = Inter-level travel time spent in this place.
 D = Time resting spent in this place.
 E = Time spent auto-exploring this place.
 F = Levels seen in this place.
 G = Mean time per level.
                   A        B        C        D        E       F      G
               +--------+--------+--------+--------+--------+-----+--------+
         Total |    300 |    300 |      0 |      0 |    201 |   1 |  300.0 |
       Dungeon |    300 |    300 |      0 |      0 |    201 |   1 |  300.0 |
               +--------+--------+--------+--------+--------+-----+--------+

Top non-repeatable levels by time:
     D:1: 300 daAuts
